AoeStats
← shiunny999

Arabia

509417350Analyzed
2v2 RM · 4d ago on Sep 26, 2026· 41m 45s· 4 players
Game mode
Random Map
Map size
Medium (4 player)
Population
200
Speed
Normal
Resources
Standard
Victory
Conquest
Starting age
Dark Age
Ending age
Imperial Age
RankedLock teamsTeams togetherTeam positionsShared explorationLock speedFull tech treeHidden civsTurbo modeCheats
Victory
Defeat
🇹🇼 Britons · Taiwan
1000
+38
🇹🇼 Cumans · Taiwan
927
+39
🇺🇸 Byzantines · United States
1000
-51
🇺🇸 Jurchens · United States
830
-10
MAX
0:27 Loom
12:01 Feudal Age
13:26 Double-Bit Axe
13:23 Horse Collar
13:54 Man-at-Arms
15:13 Arson
16:10 Forging
18:29 Gold Mining
18:31 Fletching
20:27 Town Watch
22:54 Wheelbarrow
22:31 Scale Mail Armor
27:17 Castle Age
27:24 Crossbowman
28:23 Bow Saw
28:16 Heavy Plow
29:25 Squires
29:09 Pikeman
30:21 Gambesons
30:37 Bodkin Arrow
31:15 Husbandry
33:42 Long Swordsman
35:02 Town Patrol
35:02 Treadmill Crane
36:20 Padded Archer Armor
37:19 Ballistics
37:43 Hand Cart
37:04 Light Cavalry
37:30 Elite Skirmisher
38:58 Gold Shaft Mining
39:34 Scale Barding Armor
41:35 Heated Shot
shiunny999
10:44 Loom
12:54 Feudal Age
17:32 Scale Barding Armor
18:09 Double-Bit Axe
18:26 Horse Collar
20:50 Forging
23:35 Wheelbarrow
26:46 Castle Age
25:57 Gold Mining
27:06 Bloodlines
28:12 Hand Cart
28:25 Light Cavalry
29:59 Iron Casting
30:57 Bow Saw
31:42 Chain Barding Armor
34:28 Heavy Plow
38:03 Imperial Age
38:59 Hussar
40:43 Blast Furnace
40:20 Plate Barding Armor
40:37 Thumb Ring
41:23 Gold Shaft Mining
Vongoli Momoli
0:27 Loom
12:19 Feudal Age
15:30 Double-Bit Axe
20:18 Castle Age
19:15 Horse Collar
20:20 Scale Mail Armor
21:09 Squires
20:31 Pikeman
21:16 Husbandry
23:10 Light Cavalry
24:02 Bloodlines
25:41 Forging
26:07 Bow Saw
27:40 Gold Mining
27:59 Scale Barding Armor
33:58 Wheelbarrow
34:43 Chain Mail Armor
35:41 Iron Casting
35:11 Stone Mining
35:26 Fletching
37:48 Gold Shaft Mining
37:55 Stone Shaft Mining
37:41 Hand Cart
43:05 Imperial Age
tswag
1:48 Loom
16:26 Feudal Age
18:15 Wheelbarrow
17:42 Horse Collar
Connection lost

Rejoining the realm…

Still unreachable

The connection could not be restored.

Session expired

The server has moved on; the page needs a fresh start.